 Dungeon Crawl Stone Soup version 0.29.1-13-g9f3cf754e1 (webtiles) character file.

Game seed: 17609997696710637100

140 Exodus22XD the Poker (level 5, -1/39 HPs)
             Began as a Demonspawn Gladiator on Feb 3, 2023.
             Slain by a gnoll
             ... wielding a +0 flail
             ... led by a gnoll bouda
              (5 damage)
             ... on level 3 of the Dungeon.
             The game lasted 00:02:08 (1891 turns).

Exodus22XD the Poker (Demonspawn Gladiator)         Turns: 1891, Time: 00:02:08

Health: -1/39      AC:  6    Str: 16    XL:     5   Next: 2%
Magic:  3/5        EV: 16    Int:  9    God:
Gold:   99         SH:  0    Dex: 15    Spells: 4/4 levels left

rFire   . . .      SeeInvis .   a - +0 trident
rCold   . . .      Faith    .   (no shield)
rNeg    + . .      Spirit   .   b - +0 leather armour
rPois   .          Reflect  .   (helmet restricted)
rElec   .          Harm     .   t - +2 cloak
rCorr   .          Rampage  .   (no gloves)
Will    .....                   (no boots)
Stlth   +.........              (no amulet)
HPRegen 0.13/turn               g - +4 ring of evasion
MPRegen 0.09/turn               n - ring of positive energy

@: weakened
A: horns 1, demonic guardian 1, weakness stinger 2
a: no special abilities


You were on level 3 of the Dungeon.
You visited 1 branch of the dungeon, and saw 3 of its levels.

You collected 99 gold pieces.

Inventory:

Hand Weapons
 a - a +0 trident (weapon)
Missiles
 d - 3 throwing nets (quivered)
 e - 13 javelins
Armour
 b - a +0 leather armour (worn)
 c - a +0 helmet
 t - a +2 cloak (worn)
Jewellery
 g - a +4 ring of evasion (left hand)
 n - a ring of positive energy (right hand)
Scrolls
 i - 3 scrolls of identify {unknown}
 l - a scroll of teleportation {unknown}
 m - a scroll of vulnerability {unknown}
 p - a scroll of enchant weapon {unknown}
 q - a scroll of poison {unknown}
Potions
 f - a potion of berserk rage {unknown}
 h - 2 potions of brilliance {unknown}
 j - a potion of curing {unknown}
 k - a potion of heal wounds {unknown}
 o - 2 potions of might {unknown}
 r - a potion of ambrosia {unknown}
 s - a potion of cancellation {unknown}


   Skills:
 + Level 2.3 Fighting
 + Level 4.0 Polearms
 - Level 1.7 Throwing
 * Level 2.1 Armour
 + Level 3.2 Dodging


You had 4 spell levels left.
You didn't know any spells.
Your spell library contained the following spells:

 Spells                   Type           Power      Damage    Failure   Level
 Sublimation of Blood     Necr           0%         N/A       58%         2
 Petrify                  Tmut/Erth      0%         N/A       99%         4
 Irradiate                Conj/Tmut      0%         3d11      100%        5


Dungeon Overview and Level Annotations

Branches:
Dungeon (3/15)

Altars:


Innate Abilities, Weirdness & Mutations

You have a pair of small horns on your head.
A weak demonic guardian rushes to your aid.
You have a tail ending in a sharp stinger.


Message History

Aim: a gnoll bouda, wielding a +0 club and wearing a +0 leather armour (heavily wounded, about 37% to evade your +0 trident)
You reach to attack!
You hit the gnoll bouda.
The gnoll bouda is severely wounded.
Reach: a) +0 trident
Press: ? - help, Dir - move target, f/p - gnoll bouda
Aim: a gnoll bouda, wielding a +0 club and wearing a +0 leather armour (severely wounded, about 37% to evade your +0 trident)
You closely miss the gnoll bouda. Your headbutt misses the gnoll bouda.
The gnoll bouda is severely wounded.
Reach: a) +0 trident
Press: ? - help, Dir - move target, f/p - gnoll bouda
Aim: a gnoll bouda, wielding a +0 club and wearing a +0 leather armour (severely wounded, about 37% to evade your +0 trident)
You puncture the gnoll bouda!
You kill the gnoll bouda!
Your Polearms skill increases to level 4!
Your Armour skill increases to level 2!
You have reached level 5!
Your demonic ancestry asserts itself...
Your tail grows a sharp stinger.
A goblin comes into view. It is wielding a +0 club.
The gnoll barely misses you.
Reach: a) +0 trident
Press: ? - help, Dir - move target, f - gnoll
Aim: a gnoll, wielding a +0 flail (covering ground quickly, about 36% to evade your +0 trident)
The goblin shouts!
You hit the gnoll. Your headbutt misses the gnoll.
You punch the gnoll, but do no damage.
The gnoll is moderately wounded.
The gnoll hits you with a +0 flail!
* * * LOW HITPOINT WARNING * * *
A demonic guardian appears!
The gnoll attacks as you move away! The gnoll misses you.
Your white imp barely misses the goblin.
Reach: a) +0 trident
Press: ? - help, Dir - move target, f/p - gnoll
Aim: a gnoll, wielding a +0 flail (moderately wounded, covering ground quickly, about 36% to evade your +0 trident)
You hit the gnoll. You tail-slap the gnoll.
The gnoll is severely wounded.
The goblin closely misses your white imp.
The gnoll hits you with a +0 flail.
You die...

.........
......... #.#.#
......$..
#######.#.#
........#
###..(..#.#.##
........+
.........#.#.
........#
#.......#.#.
........##
#.......#...
.....g5.@#
#.).....#..#
...#####g###
##.......#
#.g)#
#..#..#.##
###)#
###.##..#.#
#.###...##.)#.#
#)##..####..#.#
#....## #..#.#
#..### #..#.##
#..# #..#...


You could see 2 gnolls, a goblin (ally target) and a friendly white imp
(summoned).

Vanquished Creatures
  A gnoll bouda (D:3)
  Terence (D:3)
  2 gnolls (D:3)
  An adder (D:2)
  2 dart slugs (D:1)
  2 ball pythons
  5 endoplasms
  2 giant cockroaches (D:1)
  8 hobgoblins
  7 jackals
  8 kobolds
  5 bats (D:1)
  2 frilled lizards
  A goblin (D:1)
  5 rats
52 creatures vanquished.

Notes
Turn   | Place    | Note
-------+----------+-------------------------------------------
     0 | D:1      | Exodus22XD the Demonspawn Gladiator began the quest for the
                  | Orb.
     0 | D:1      | Reached XP level 1. HP: 16/16 MP: 1/1
   111 | D:1      | Gained mutation: A weak demonic guardian rushes to your
                  | aid. [demonic ancestry]
   111 | D:1      | Reached XP level 2. HP: 22/22 MP: 2/2
   172 | D:1      | Reached skill level 3 in Polearms
   508 | D:1      | Reached skill level 1 in Armour
   601 | D:1      | Discovered your monstrous ancestry.
   601 | D:1      | Gained mutation: You have a small tail. [demonic ancestry]
   601 | D:1      | Reached XP level 3. HP: 21/27 MP: 3/3
   832 | D:1      | Found a faded altar of an unknown god.
  1793 | D:3      | Noticed Terence
  1822 | D:3      | Killed Terence
  1823 | D:3      | Gained mutation: You have a pair of small horns on your
                  | head. [demonic ancestry]
  1823 | D:3      | Reached XP level 4. HP: 22/33 MP: 4/4
  1888 | D:3      | Reached skill level 4 in Polearms
  1888 | D:3      | Gained mutation: You have a tail ending in a sharp stinger.
                  | [demonic ancestry]
  1888 | D:3      | Reached XP level 5. HP: 12/39 MP: 2/5
  1891 | D:3      | Slain by a gnoll

Illustrated notes

Levels and vault maps discovered:
D:1:      lightli_arrival_flooded_house, layout_loops_ring,
          hellmonk_ecumenical_altar_leap_of_faith
D:2:      layout_rooms, minmay_pentomino_p2
D:3:      layout_basic, nicolae_ru_great_annihilating_truth,
          nicolae_shop_vocational, uniq_natasha, uniq_terence

Skill      XL: |  1  2  3  4 |
---------------+-------------+-----
Polearms       | 3 4 |  4.0
Dodging        | 3 |  3.2
Armour         | 1 2 |  2.1
Fighting       | |  2.3
Throwing       | |  1.7

Action                   |  1- 3 |  4- 6 || total
-------------------------+-------+-------++-------
Melee: Trident           |   126 |    32 ||   158
       Punch             |     2 |     1 ||     3
       Tailslap          |     6 |     4 ||    10
       Headbutt          |       |     2 ||     2
 Stab: Sleeping          |     1 |       ||     1
Armor: Leather armour    |    27 |     3 ||    30
Dodge: Dodged            |    77 |    17 ||    94
